AoeStats
← l Exhiom l

MegaRandom

509365253Analyzed
3v3 RM · 6d ago on Sep 26, 2026· 61m 10s· 6 players
Game mode
Random Map
Map size
Normal (6 player)
Population
200
Speed
Normal
Resources
Standard
Victory
Conquest
Starting age
Dark Age
Ending age
Imperial Age
RankedLock teamsTeams togetherTeam positionsShared explorationLock speedFull tech treeHidden civsTurbo modeCheats
Victory
Defeat
🇩🇪 Britons · Germany
955
+14
🇪🇸 Vietnamese · Spain
889
+17
🇨🇱 Khmer · Chile
859
+18
🇹🇼 Danes · Taiwan
965
-19
🇹🇼 Saracens · Taiwan
909
-16
🇹🇼 Saxons · Taiwan
861
-14
呼嘛觀世音
10:56 Loom
14:43 Feudal Age
15:46 Double-Bit Axe
16:55 Horse Collar
19:58 Castle Age
20:51 Wheelbarrow
21:55 Wheelbarrow
21:46 Bow Saw
21:38 Heavy Plow
22:43 Scale Barding Armor
26:51 Husbandry
27:13 Fishing Lines
28:47 Hand Cart
29:04 Chain Barding Armor
29:44 Gold Mining
31:30 Town Watch
32:19 Bloodlines
32:55 Murder Holes
34:31 Forging
38:53 Imperial Age
41:08 Ballistics
40:35 Arrowslits
42:06 Chemistry
42:09 Fletching
43:13 Gold Shaft Mining
42:37 Elite Mameluke
43:38 Heavy Camel Rider
48:05 Bimaristan
49:47 Plate Barding Armor
49:48 Iron Casting
51:33 Fortified Wall
51:37 Masonry
51:34 Siege Engineers
59:11 Clinker Construction
炸雞勇者
1:01 Loom
13:24 Feudal Age
14:05 Double-Bit Axe
15:04 Fishing Lines
24:08 Castle Age
23:52 Stone Mining
23:52 Gold Mining
25:34 Gillnets
28:23 Squires
28:09 Arson
30:43 Bow Saw
31:56 Scale Mail Armor
32:07 Forging
34:10 Iron Casting
33:51 Chain Mail Armor
34:51 Treadmill Crane
35:07 Murder Holes
35:33 Ballistics
35:27 Careening
40:06 Imperial Age
40:42 Redemption
41:20 Conscription
40:28 Pikeman
41:54 Block Printing
43:38 Two-Man Saw
44:12 Shield Wall
45:29 Hoardings
44:34 Halberdier
49:34 Elite Hearth Troop
51:04 Illumination
52:07 Elite Varangian Guard
53:34 Wheelbarrow
57:13 Elite Skirmisher
戳戳吸毒包
3:39 Loom
10:44 Feudal Age
11:33 Double-Bit Axe
15:22 Fishing Lines
19:50 Castle Age
18:05 Forging
18:37 Fletching
20:25 Stone Mining
22:26 Padded Archer Armor
26:30 Elite Skirmisher
28:24 Scale Mail Armor
29:40 Squires
32:34 Bodkin Arrow
33:51 Thumb Ring
37:10 Wheelbarrow
49:14 Squires
58:06 Gillnets
59:43 Ballistics
l Exhiom l
1:06 Loom
11:46 Feudal Age
13:05 Fishing Lines
17:32 Double-Bit Axe
21:23 Fletching
21:21 Horse Collar
23:49 Castle Age
22:26 Wheelbarrow
21:36 Town Watch
23:22 Gold Mining
23:22 Stone Mining
25:12 Gillnets
25:51 Medium Warships
26:06 Bodkin Arrow
32:00 Forging
31:50 Scale Mail Armor
31:55 Scale Barding Armor
34:26 Imperial Age
32:23 Heavy Plow
32:48 Bow Saw
32:47 Scale Barding Armor
32:43 Scale Mail Armor
32:53 Forging
32:43 Padded Archer Armor
34:14 Fortified Wall
34:24 Ballistics
34:00 Murder Holes
33:46 Treadmill Crane
34:51 Stone Shaft Mining
34:49 Hand Cart
35:00 Chain Mail Armor
35:58 Chain Barding Armor
35:42 Bracer
35:58 Leather Archer Armor
35:48 Squires
35:34 Pikeman
37:42 Chemistry
36:50 Siege Engineers
37:43 Chatras
37:15 Halberdier
39:20 Plate Mail Armor
39:11 Chain Barding Armor
38:38 Cavalier
39:19 Husbandry
39:29 Bloodlines
40:53 Paper Money
40:19 Elite Skirmisher
42:20 Ring Archer Armor
42:26 Iron Casting
42:27 Plate Barding Armor
43:29 Two-Man Saw
43:04 Crop Rotation
42:05 Crossbowman
42:06 Imperial Skirmisher
43:54 Elite Battle Elephant
45:15 Elite Fire Lancer
48:27 Arbalester
49:13 Thumb Ring
48:58 Arson
49:26 Caravan
56:35 Chemistry
55:48 Careening
55:48 Clinker Construction
55:49 Masonry
55:29 Heated Shot
55:31 Guard Tower
55:27 Arrowslits
55:08 Man-at-Arms
55:54 Elite Rattan Archer
59:13 Long Swordsman
Calli
6:22 Loom
9:58 Feudal Age
12:29 Double-Bit Axe
12:30 Horse Collar
16:47 Fletching
16:58 Padded Archer Armor
20:06 Gold Mining
20:06 Stone Mining
26:40 Castle Age
26:44 Crossbowman
28:22 Bodkin Arrow
29:27 Gold Shaft Mining
30:03 Leather Archer Armor
33:12 Ballistics
32:48 Murder Holes
39:16 Imperial Age
39:24 Bow Saw
39:16 Heavy Plow
39:39 Arbalester
41:08 Conscription
40:49 Warwolf
41:24 Hoardings
40:10 Elite Longbowman
42:32 Bracer
43:03 Ring Archer Armor
42:09 Capped Ram
47:22 Wheelbarrow
46:32 Town Watch
55:19 Hand Cart
55:09 Town Patrol
Bossman 9
12:06 Feudal Age
13:07 Double-Bit Axe
14:06 Loom
16:00 Forging
17:58 Castle Age
17:08 Bloodlines
17:12 Forging
18:27 Horse Collar
19:34 Husbandry
20:13 Iron Casting
19:46 Scale Barding Armor
20:00 Heavy Plow
22:53 Chain Barding Armor
30:10 Wheelbarrow
32:35 Imperial Age
31:17 Hand Cart
33:13 Ballistics
32:45 Fletching
32:53 Fishing Lines
33:07 Light Cavalry
33:10 Cavalier
34:31 Gold Mining
34:38 Stone Mining
35:40 Bow Saw
38:02 Chemistry
37:47 Conscription
42:16 Crop Rotation
41:25 Hussar
43:07 Blast Furnace
42:43 Plate Barding Armor
42:03 Bodkin Arrow
42:09 Padded Archer Armor
42:34 Elite Battle Elephant
45:17 Heavy Scorpion
47:31 Double Crossbow
48:49 Gold Shaft Mining
Connection lost

Rejoining the realm…

Still unreachable

The connection could not be restored.

Session expired

The server has moved on; the page needs a fresh start.